 Dungeon Crawl Stone Soup version 0.30-a0-793-g160f7cfddd (webtiles) character file.

Game seed: 7122364159514491592

258 cheesebisquit the Shooter (level 5, -10/46 HPs)
             Began as a Minotaur Hunter on Feb 19, 2023.
             Mangled by a mummy (17 damage)
             ... in an ossuary.
             The game lasted 00:06:04 (3427 turns).

cheesebisquit the Shooter (Minotaur Hunter)         Turns: 3427, Time: 00:06:05

Health: -10/46     AC:  4    Str: 16    XL:     5   Next: 94%
Magic:  13/13      EV: 13    Int:  6    God:
Gold:   138        SH:  0    Dex: 15    Spells: 4/4 levels left

rFire   . . .      SeeInvis .    a - +0 shortbow
rCold   . . .      Faith    .    (shield currently unavailable)
rNeg    . . .      Spirit   .    c - +0 leather armour
rPois   +          Reflect  .    (helmet restricted)
rElec   .          Harm     .    (no cloak)
rCorr   .          Rampage  .    (no gloves)
Will    .....                    e - +0 pair of boots
Stlth   +                        (no amulet)
HPRegen 0.27/turn                r - ring of poison resistance
MPRegen 0.13/turn                s - ring of magical power

@: no status effects
A: horns 2, retaliatory headbutt
a: no special abilities


You were in an ossuary.
You visited 1 branch of the dungeon, and saw 4 of its levels.
You also visited: Ossuary.

You collected 138 gold pieces.

Inventory:

Hand Weapons
 a - a +0 shortbow (weapon)
Missiles
 m - 4 curare-tipped darts
 o - 5 poisoned darts
Armour
 c - a +0 leather armour (worn)
 e - a +0 pair of boots (worn)
Jewellery
 i - an amulet of faith
 r - a ring of poison resistance (left hand)
 s - a ring of magical power (right hand)
Wands
 t - a wand of flame (20)
Scrolls
 b - a scroll of immolation
 d - a scroll of fear {unknown}
 f - 2 scrolls of fog {unknown}
 j - a scroll of teleportation {unknown}
 l - a scroll of blinking {unknown}
 n - a scroll of magic mapping {unknown}
 u - a scroll of enchant armour {unknown}
 v - 5 scrolls of identify {unknown}
 w - 5 scrolls of noise {unknown}
 x - a scroll of vulnerability {unknown}
Potions
 g - 5 potions of heal wounds {unknown}
 h - 2 potions of curing {unknown}
 k - 2 potions of lignification {unknown}
 p - 3 potions of haste {unknown}
 q - a potion of degeneration {unknown}
 z - a potion of attraction {unknown}


   Skills:
 + Level 4.2 Fighting
 * Level 6.4 Ranged Weapons
 + Level 3.9 Dodging
 - Level 0.7 Stealth


You had 4 spell levels left.
You didn't know any spells.
Your spell library contained the following spells:

 Spells                   Type           Power      Damage    Failure   Level
 Summon Small Mammal      Summ           0%         N/A       52%         1
 Call Canine Familiar     Summ           0%         N/A       88%         3
 Summon Guardian Golem    Hex/Summ       0%         N/A       88%         3


Dungeon Overview and Level Annotations

Branches:
Dungeon (4/15)            Ossuary (1/1)
 Temple: D:4-7

Altars:

Annotations:
D:3 2 transporters, oldplebian's ghost, amateur MiBe


Innate Abilities, Weirdness & Mutations

You have a pair of horns on your head.
You reflexively headbutt those who attack you in melee.


Message History

The mummy hits you.
You shoot an arrow. The arrow hits the mummy!
You destroy the mummy!
No target in view!
No target in view!
No target in view!
No target in view!
No target in view!
No target in view!
No target in view!
There is an open door here.
You open the door.
A mummy comes into view.
Found a glowing white potion.
You shoot an arrow. The arrow barely misses the mummy.
You shoot an arrow. The arrow barely misses the mummy.
The mummy hits you!
You shoot an arrow. The arrow hits the mummy.
The mummy is lightly damaged.
You shoot an arrow. The arrow hits the mummy!
The mummy is heavily damaged.
The mummy barely misses you.
You shoot an arrow.
The arrow hits the mummy but does no damage.
The mummy is heavily damaged.
The mummy closely misses you.
You shoot an arrow. The arrow barely misses the mummy.
You shoot an arrow. The arrow hits the mummy!
The mummy is almost destroyed.
The mummy hits you!
You shoot an arrow. The arrow barely misses the mummy.
The mummy hits you!!
* * * LOW HITPOINT WARNING * * *
You are too injured to fight recklessly!
Fire: a) +0 shortbow
Press: ? - help, Q - select action, (/) - cycle Shift-Dir - straight line, f/p - mummy
Aim: a mummy (almost destroyed, 77% to hit)
You shoot an arrow.
The arrow hits the mummy but does no damage.
The mummy is almost destroyed.
The mummy hits you!
You die...

# ## ### ##+##
.###.###...##
..'...'.....+
.######'...## ##
##.##'## .####.#'#.##
+##
..##.##.#..#######...#
#..+######..'...@M.!.+
#+..# #####.###...#
##'## ##'.# +## #...#
#### +...+ #...# ##'##
###.# .'..#


You could see a mummy.

Vanquished Creatures
  8 mummies (Ossuary)
  6 adders
  2 worms (D:2)
  2 dart slugs
  4 orcs (D:3)
  6 endoplasms
  4 giant cockroaches
  2 goblins (D:1)
  7 hobgoblins
  7 jackals
  7 kobolds
  3 quokkas
  4 ball pythons
  7 bats
  4 frilled lizards
  A gnoll skeleton (Ossuary)
  2 goblin skeletons (Ossuary)
  2 kobold skeletons (Ossuary)
  A kobold zombie (D:4)
  13 rats
  11 rat skeletons (Ossuary)
  A rat zombie (D:4)
104 creatures vanquished.

Vanquished Creatures (others)
  6 plants (D:3)
6 creatures vanquished.

Grand Total: 110 creatures vanquished

Notes
Turn   | Place    | Note
-------+----------+-------------------------------------------
     0 | D:1      | cheesebisquit the Minotaur Hunter began the quest for the
                  | Orb.
     0 | D:1      | Reached XP level 1. HP: 18/18 MP: 0/0
    77 | D:1      | Reached XP level 2. HP: 25/25 MP: 1/1
   305 | D:1      | Reached skill level 5 in Ranged Weapons
   371 | D:1      | Reached XP level 3. HP: 30/30 MP: 2/2
  1129 | D:2      | Reached XP level 4. HP: 38/38 MP: 3/3
  2089 | D:3      | Found a transporter.
  2097 | D:3      | Noticed oldplebian's ghost (amateur MiBe)
  2601 | D:3      | Reached XP level 5. HP: 46/46 MP: 4/4
  2741 | D:3      | Found a transporter.
  2872 | D:4      | Found a sand-covered staircase.
  2884 | Ossuary  | Entered an ossuary
  2912 | Ossuary  | Reached skill level 6 in Ranged Weapons
  3427 | Ossuary  | Mangled by a mummy

Illustrated notes

Levels and vault maps discovered:
D:1:      lemuel_arrival_funnel, layout_loops_cross, wad_floor_pattern_untrapped
D:2:      minmay_general_purpose_star, layout_basic
D:3:      layout_loops_corners, gammafunk_ghost_gnarly_gnolls
D:4:      layout_loops_cross, mainiacjoe_overflow_catwalk,
          minmay_temple_entry_mini_moons, enter_ossuary_3
Ossuary:  ossuary_due_small_catacomb

Skill      XL: |  1  2  3  4  5 |
---------------+----------------+-----
Ranged Weapons | 5 6 |  6.4
Fighting       | 3 4 |  4.2
Dodging        | 3 |  3.9
Stealth        | |  0.7

Action                     |  1- 3 |  4- 6 || total
---------------------------+-------+-------++-------
   Fire: Shortbow          |   103 |   209 ||   312
 Armour: Leather armour    |    11 |    15 ||    26
  Dodge: Dodged            |    17 |    56 ||    73

Table legend: (Time is in decaauts)
 A = Elapsed time spent in this place.
 B = Non-inter-level travel time spent in this place.
 C = Inter-level travel time spent in this place.
 D = Time resting spent in this place.
 E = Time spent auto-exploring this place.
 F = Levels seen in this place.
 G = Mean time per level.
                   A        B        C        D        E       F      G
               +--------+--------+--------+--------+--------+-----+--------+
         Total |   3505 |   3340 |    165 |      0 |   2806 |   5 |  701.0 |
       Dungeon |   2940 |   2775 |    165 |      0 |   2388 |   4 |  735.0 |
       Ossuary |    565 |    565 |      0 |      0 |    418 |   1 |  565.0 |
               +--------+--------+--------+--------+--------+-----+--------+

Top non-repeatable levels by time:
     D:2: 1326 daAuts
     D:3: 841 daAuts
     D:1: 759 daAuts
 Ossuary: 565 daAuts
     D:4: 13 daAuts
